 Dungeon Sprint DCSS version 0.21.1-1-g345015f (webtiles) character file.

3200000 Fang the Intangible (level 15, -20/95 HPs)
             Began as a Felid Berserker on Apr 27, 2018.
             Was a Believer of Trog.
             Demolished by a destroyer
             ... wielding a +9 great sword of slicing
              (115 damage)
             ... in the Dungeon (Sprint VIII: "Arena of Blood").
             The game lasted 00:00:23 (32 turns).

Fang the Intangible (Felid Berserker)                 Turns: 32, Time: 00:00:24

Health: -20/95     AC:  3    Str: 18    XL:     15   Next: 47%
Magic:  15/30      EV: 39    Int:  9    God:    Trog [**....]
Gold:   0          SH:  0    Dex: 17    Spells: 34/34 levels left
                                        Lives:  0   Deaths: 2

rFire    . . .     SeeInvis +     - Unarmed
rCold    + . .     Gourm    .   (shield unavailable)
rNeg     . . .     Faith    .   (armour unavailable)
rPois    .         Spirit   .   (helmet unavailable)
rElec    .         Reflect  .   (cloak unavailable)
rCorr    .         Harm     .   (gloves unavailable)
MR       ++...     NoTele   +   (boots unavailable)
Stlth    +++++++++.             (no amulet)
HPRegen  0.25/turn              h - +27000 ring of slaying
MPRegen  0.22/turn              (no ring)

@: quick
A: very small, no armour, no weapons or thrown items, stealth, claws 1, fangs 3,
see invisible, carnivore, speed 1, shaggy fur 3, slow metabolism 1, sharp paws
a: Berserk, Trog's Hand, Burn Spellbooks, Renounce Religion


You were in the Dungeon.
You worshipped Trog.
Trog was pleased with you.
You were not hungry.

You visited 1 branch

Inventory:

Jewellery
 h - a +27000 ring of slaying (left paw)
Scrolls
 g - a scroll of blinking
Potions
 b - a potion of curing
 c - a potion of heal wounds
 d - a potion of haste
 e - 2 potions of magic
 f - a potion of berserk rage
Comestibles
 a - a ration


   Skills:
 O Level 27 Fighting
 O Level 27 Dodging
 O Level 27 Stealth
 O Level 27 Unarmed Combat
 + Level 10.3 Spellcasting


You had 34 spell levels left.
You didn't know any spells.

Dungeon Overview and Level Annotations

Branches:
Dungeon (1/1)

Altars:
Makhleb


Innate Abilities, Weirdness & Mutations

You cannot wear armour.
You are incapable of wielding weapons or throwing items.
Your paws allow you to move quietly. (Stealth)
You have sharp claws.
You have razor-sharp teeth.
You have supernaturally acute eyesight. (SInv)
You are carnivorous and can eat meat at any time.
You cover ground quickly.
Your thick and shaggy fur keeps you warm. (AC +3, rC+)
You have a slow metabolism.
Your sharp claws are effective at attacking unaware monsters.


Message History

2 orcs come into view.
Things that are here:
a +9 war axe; a +30 ring of slaying You eviscerate the bag of meat!!!!!!!!!!!
You kill the bag of meat!
Trog accepts your kill.
Your Stealth skill gained 8 levels and is now at level 23!
Welcome back to level 15!
You hear a shout! x2
Unknown command.
You eviscerate the bag of meat!!!!!!!!!!!!
You kill the bag of meat!
Trog accepts your kill.
You have mastered Stealth!
You hear a shout! x2
The meat berserker rages.
You hear a shout!
The destroyer hits you with a +9 great sword of slicing!!!!
Ouch! That really hurt!
You die...

#.......#........_)......
#o....#.......#)....#
#..........#_.<._#
.#....)o.#)....#
......o.#..oo.O.._.O....
.........oo...o.###......
...........###o......###..
...........O.#.......# .
............@#.......#
....#......VOooo......
...#.#.#......o.....
.#........O.O..
#.#....O.oO.o..
.#.....#.o.ooo. .......
....... ......# .#....o


You could see a destroyer, 4 large bags of meat, 2 meat berserkers and 14 bags
of meat.

Vanquished Creatures
  2 ogres (D)
  7 orcs (D)
9 creatures vanquished.

Notes
Turn   | Place    | Note
-------+----------+-------------------------------------------
     0 | D        | Fang the Felid Berserker began the quest for the Orb.
     0 | D        | Reached XP level 1. HP: 10/10 MP: 2/2
     4 | D        | Noticed a bag of meat
     4 | D        | Noticed a bag of meat
     5 | D        | Noticed a bag of meat
     6 | D        | Killed a bag of meat
     6 | D        | Reached XP level 2. HP: 27/27 MP: 3/3
     6 | D        | Reached XP level 3. HP: 31/31 MP: 4/4
     6 | D        | Reached XP level 4. HP: 35/35 MP: 5/5
     6 | D        | Reached XP level 5. HP: 39/39 MP: 6/6
     6 | D        | Gained mutation: You are covered in thick fur. (AC +2) [Felid growth]
     6 | D        | Reached XP level 6. HP: 43/43 MP: 7/7
     6 | D        | Reached XP level 7. HP: 47/47 MP: 8/8
     6 | D        | Reached XP level 8. HP: 51/51 MP: 9/9
     6 | D        | Reached XP level 9. HP: 55/55 MP: 10/10
     6 | D        | Reached XP level 10. HP: 60/60 MP: 11/11
     6 | D        | Reached XP level 11. HP: 63/63 MP: 12/12
     8 | D        | Noticed a meat berserker
     9 | D        | Killed a meat berserker
     9 | D        | Reached ** piety under Trog
     9 | D        | Gained mutation: Your thick and shaggy fur keeps you warm. (AC +3, rC+) [Felid growth]
     9 | D        | Reached XP level 12. HP: 73/73 MP: 13/13
     9 | D        | Reached XP level 13. HP: 77/77 MP: 14/14
    10 | D        | Noticed a meat berserker
    11 | D        | Killed a bag of meat
    11 | D        | Reached XP level 14. HP: 83/83 MP: 15/15
    12 | D        | Noticed a bag of meat
    12 | D        | Noticed a bag of meat
    13 | D        | Killed a bag of meat
    13 | D        | Reached skill level 27 in Dodging
    15 | D        | Noticed a meat berserker
    16 | D        | Killed a bag of meat
    16 | D        | Reached *** piety under Trog
    16 | D        | Reached XP level 15. HP: 91/91 MP: 16/16
    18 | D        | HP: 4/91 [meat berserker/+9 battleaxe (77)]
    19 | D        | Demolished by a meat berserker
    20 | D        | Reached XP level 14. HP: -15/87 MP: 15/15
    20 | D        | Noticed a bag of meat
    21 | D        | Noticed a bag of meat
    23 | D        | Killed a meat berserker
    23 | D        | Reached skill level 27 in Fighting
    23 | D        | Reached skill level 27 in Unarmed Combat
    23 | D        | Reached XP level 15. HP: 16/95 MP: 16/16
    23 | D        | HP: 4/95 [bag of meat/+9 war axe (12)]
    24 | D        | Demolished by a bag of meat
    25 | D        | Reached XP level 14. HP: -20/91 MP: 15/15
    25 | D        | Noticed a bag of meat
    25 | D        | Noticed a bag of meat
    25 | D        | Noticed a bag of meat
    25 | D        | Noticed a bag of meat
    25 | D        | Noticed a bag of meat
    25 | D        | Noticed a bag of meat
    25 | D        | Noticed a bag of meat
    25 | D        | Noticed a large bag of meat
    26 | D        | Noticed a meat berserker
    26 | D        | Noticed a bag of meat
    26 | D        | Noticed a large bag of meat
    27 | D        | Noticed a bag of meat
    27 | D        | Noticed a bag of meat
    27 | D        | Noticed a large bag of meat
    28 | D        | Noticed a bag of meat
    28 | D        | Noticed a large bag of meat
    29 | D        | Killed a bag of meat
    29 | D        | Reached skill level 15 in Stealth
    29 | D        | Reached skill level 10 in Spellcasting
    30 | D        | Noticed a bag of meat
    30 | D        | Noticed a bag of meat
    30 | D        | Noticed a destroyer
    31 | D        | Noticed a bag of meat
    31 | D        | Noticed a bag of meat
    31 | D        | Killed a bag of meat
    31 | D        | Reached XP level 15. HP: 95/95 MP: 15/30
    32 | D        | Reached skill level 27 in Stealth
    32 | D        | Demolished by a destroyer

Skill      XL: |  1  2  3  4  5  6  7  8  9 10 11 12 13 14 15 |
---------------+----------------------------------------------+-----
Fighting       | 16 20 21 27 | 27.0
Dodging        | 20 25 26 27 | 27.0
Unarmed Combat | 16 20 21 27 | 27.0
Stealth        | 23 27 | 27.0
Spellcasting   | 10 | 10.3

Action                   |  1- 3 |  4- 6 |  7- 9 | 10-12 | 13-15 || total
-------------------------+-------+-------+-------+-------+-------++-------
Melee: Unarmed           |     1 |       |       |     1 |     7 ||     9
Invok: Berserk           |     1 |       |       |       |       ||     1
Dodge: Dodged            |       |       |       |     1 |     2 ||     3
